 Dungeon Crawl Stone Soup version 0.31-a0-162-gc4c5a43528 (webtiles) character file.

Game seed: 4878836425448690126

4242 qw the Skirmisher (level 10, -3/88 (94) HPs)
             Began as a Naga Hunter on June 12, 2023.
             Was a Priest of Okawaru.
             Killed from afar by Josephine (17 damage)
             ... with a ghostly fireball
             ... on level 9 of the Dungeon.
             The game lasted 00:02:33 (7360 turns).

qw the Skirmisher (Naga Hunter)                     Turns: 7360, Time: 00:02:34

HP:   -3/88 (94)    AC: 13    Str: 14    XL:     10   Next: 30%
MP:   11/13         EV: 15    Int: 10    God:    Okawaru [***...]
Gold: 418           SH:  0    Dex: 18    Spells: 9/9 levels left

rFire   . . .        Y - +4 longbow
rCold   . . .        (shield currently unavailable)
rNeg    . . .        l - +0 steam dragon scales
rPois   +            o - +1 helmet
rElec   .            (no cloak)
rCorr   .            (no gloves)
SInv    +            (no barding)
Will    ++...        i - amulet of faith
Stlth   ++++         e - +4 ring of protection
HPRegen 0.34/turn    f - ring of willpower
MPRegen 0.13/turn

%: faith
@: about to teleport, heroic, slowed, drained, very slow
A: AC +3, large, see invisible, deformed body, poison resistance, slowness 2,
spit poison 1, naga tail 1
a: Spit Poison, Renounce Religion, Heroism


You were on level 9 of the Dungeon.
You worshipped Okawaru.
Okawaru was most pleased with you.
You visited 1 branch of the dungeon, and saw 10 of its levels.

You collected 418 gold pieces.


Innate Abilities, Weirdness & Mutations

Your serpentine skin is tough. (AC +3)
You have supernaturally acute eyesight. (SInv)
Armour fits poorly on your strangely shaped body.
Your system is resistant to poisons. (rPois)
You cover ground very slowly.
You can spit poison.
You have a snake-like lower body.


   Skills:
 - Level 7.1(12.1) Fighting
 - Level 11.0(16.0) Ranged Weapons
 - Level 1.6(6.6) Armour
 + Level 3.9(8.9) Dodging
 - Level 1.5(6.5) Stealth
 + Level 4.2 Invocations


You had 9 spell levels left.
You didn't know any spells.
Your spell library was empty.

Inventory:

Hand Weapons
 Y - a +4 longbow (weapon)
Armour
 l - +0 steam dragon scales (worn)
 o - a +1 helmet (worn)
Jewellery
 e - a +4 ring of protection (left hand)
 f - a ring of willpower (right hand)
 g - an amulet of regeneration
 i - an amulet of faith (around neck)
 q - a ring of fire
Scrolls
 a - a scroll of identify
 k - 4 scrolls of teleportation
Potions
 b - a potion of haste
 h - a potion of cancellation
 j - a potion of mutation {unknown}
 m - 5 potions of curing
 n - a potion of ambrosia {unknown}
 p - a potion of degeneration {unknown}

Dungeon Overview and Level Annotations

Branches:
Dungeon (10/15)            Temple (0/1) D:4
   Lair: D:8-11         Orc: D:9-12

Altars:
Dithmenos
Elyvilon
Okawaru
Sif Muna
Trog
Yredelemnul
Zin

Shops:
D:1 *(   D:2 !   D:6 :

Annotations:
D:9 Josephine


Message History

You shoot an arrow. The arrow hits Josephine.
Josephine is heavily wounded.
You have got your breath back.
Josephine hits you but does no damage.
7356 ||| INVOKING Spit Poison.
Aiming: Spit Poison (1% risk of failure)
Press: ? - help, Shift-Dir - straight line, f/p - Josephine The splash of poison misses Josephine.
Josephine hits you but does no damage. Josephine casts a spell at you.
The ghostly flame explodes!
The ghostly fireball engulfs you!
You feel drained.
The ghostly fireball engulfs the wraith.
The wraith completely resists.
The ghostly fireball engulfs Josephine.
Josephine completely resists.
You hear a shout!
You shoot an arrow. The arrow closely misses Josephine.
The arrow barely misses the wraith.
The wraith hits you but does no damage. Josephine hits you but does no damage.
You shoot an arrow. The arrow hits Josephine!
Josephine is severely wounded.
The wraith closely misses you. Josephine hits you with a +0 dagger!
The wraith hits you. The wraith drains your vigour!
You feel as though you will be slow longer.
Josephine hits you with a +0 dagger.
7359 ||| READING 5 scrolls of teleportation.
As you read the scroll of teleportation, it crumbles to dust.
You feel strangely unstable.
You feel like a meek peon again. The wraith hits you.
The wraith drains your vigour!
You feel as though you will be slow longer.
The wraith hits you but does no damage. Josephine misses you.
7360 ||| INVOKING Heroism.
You gain the combat prowess of a mighty hero.
You can no longer speed up your combat.
You have got your breath back.
The wraith closely misses you. The wraith barely misses you.
The wraith misses you. Josephine casts a spell at you.
The ghostly flame explodes!
The ghostly fireball engulfs you!
You feel drained.
You die...

##.....#......#.# #....#
.#....[#.....##.# #....#
.#.....#.....#..########....#
##.....#.....#..............#
.......#.....#..............#
.......#####'#..............#
............................#
....##########..W@..........#
....#........#..@W.......####
....#........#...W.......#
....#..).....#..........##
....########'#..........#
.....................####
................<....#
.......########......#
.......#......#......#
.......#......#......#


You could see Josephine and 3 wraiths.

Vanquished Creatures
  An ugly thing (D:7)
  A komodo dragon (D:8)
  A wraith (D:9)
  3 yaks (D:9)
  3 steam dragons
  A water moccasin (D:8)
  A sky beast (D:8)
  A black bear (D:6)
  A centaur (D:8)
  Blork the orc (D:5)
  3 kobold brigands
  3 bullfrogs
  7 scorpions
  A gnoll sergeant (D:9)
  6 wights
  2 howler monkeys
  5 jellies
  3 orc priests
  4 hounds
  3 sleepcaps
  3 iguanas
  8 orc wizards
  6 gnolls
  6 adders
  A white imp (D:6)
  An ufetubus (D:5)
  2 worms
  A dart slug (D:3)
  23 orcs
  5 ball pythons
  5 endoplasms
  A giant cockroach (D:1)
  4 goblins
  8 hobgoblins
  2 jackals (D:5)
  6 quokkas
  3 bats
  2 frilled lizards (D:1)
  26 kobolds
  5 rats
169 creatures vanquished.

Vanquished Creatures (others)
  A wizard (D:6)
1 creature vanquished.

Grand Total: 170 creatures vanquished

Notes
Turn   | Place    | Note
-------+----------+-------------------------------------------
     0 | D:1      | qw the Naga Hunter began the quest for the Orb.
     0 | D:1      | Reached XP level 1. HP: 19/19 MP: 1/1
     0 | D:1      | 0 ||| qw: Version: 0.2-a-29-gc1b59c4
     0 | D:1      | 0 ||| qw: Game counter: 4397
     0 | D:1      | 0 ||| qw: Always use a shield: true
     0 | D:1      | 0 ||| qw: God list: Okawaru
     0 | D:1      | 0 ||| qw: Allow faded altars: false
     0 | D:1      | 0 ||| qw: Do Orc after D:15 true
     0 | D:1      | 0 ||| qw: Do second Lair branch before Depths: true
     0 | D:1      | 0 ||| qw: Lair rune preference: random
     0 | D:1      | 0 ||| qw: Plans: Normal
     0 | D:1      | 0 ||| PLANNING D:1-11
    41 | D:1      | 41 ||| INVOKING Spit Poison.
    45 | D:1      | 45 ||| INVOKING Spit Poison.
    68 | D:1      | 68 ||| INVOKING Spit Poison.
    72 | D:1      | 72 ||| INVOKING Spit Poison.
    87 | D:1      | 87 ||| INVOKING Spit Poison.
    91 | D:1      | Found Ypehaiss's Weapon Shop.
   100 | D:1      | 100 ||| INVOKING Spit Poison.
   105 | D:1      | 105 ||| INVOKING Spit Poison.
   106 | D:1      | Reached skill level 4 in Ranged Weapons
   106 | D:1      | Reached XP level 2. HP: 21/26 MP: 2/2
   150 | D:1      | 150 ||| INVOKING Spit Poison.
   182 | D:1      | 182 ||| INVOKING Spit Poison.
   234 | D:1      | 234 ||| INVOKING Spit Poison.
   239 | D:1      | 239 ||| INVOKING Spit Poison.
   243 | D:1      | 243 ||| INVOKING Spit Poison.
   317 | D:1      | Found Pitwunu's General Store.
   320 | D:1      | 320 ||| SHOPLISTING potion of curing (42 gold, have 14).
   320 | D:1      | 320 ||| SHOPLISTING potion of heal wounds (70 gold, have
                  | 14).
   320 | D:1      | 320 ||| SHOPLISTING potion of mutation (112 gold, have 14).
   320 | D:1      | 320 ||| SHOPLISTING scroll of identify (28 gold, have 14).
   320 | D:1      | 320 ||| SHOPLISTING scroll of teleportation (42 gold, have
                  | 14).
   447 | D:1      | 447 ||| INVOKING Spit Poison.
   553 | D:1      | 553 ||| INVOKING Spit Poison.
   560 | D:1      | 560 ||| UPGRADING to amulet of regeneration.
   565 | D:1      | 565 ||| DROPPING ring of wizardry.
   566 | D:1      | 566 ||| READING scroll labelled AFOIDO SAGUD.
   567 | D:1      | 567 ||| READING scroll labelled TONGOUVVOUGG.
   568 | D:1      | 568 ||| READING scroll labelled ROCEUNN PARUIP.
   569 | D:1      | 569 ||| READING scroll labelled JAZYGERUJO.
   569 | D:1      | Identified a scroll of acquirement
   569 | D:1      | 569 ||| ACQUIRING +4 longbow
   569 | D:1      | Acquired a +4 longbow
   571 | D:1      | 571 ||| SWAPPING to +4 longbow.
   572 | D:1      | 572 ||| DROPPING +0 shortbow.
   573 | D:1      | 573 ||| READING scroll labelled FEGROILEASE.
   574 | D:1      | 574 ||| DRINKING 2 golden potions.
   575 | D:1      | 575 ||| DROPPING scroll of butterflies.
   590 | D:2      | 590 ||| INVOKING Spit Poison.
   592 | D:2      | 592 ||| STAIRDANCE
   593 | D:2      | Reached XP level 3. HP: 29/32 MP: 3/3
   614 | D:2      | 614 ||| INVOKING Spit Poison.
   620 | D:2      | 620 ||| INVOKING Spit Poison.
   628 | D:2      | Found Xubulink's Distillery.
   638 | D:2      | 638 ||| SHOPLISTING 2 potions of mutation (176 gold, have
                  | 14).
   638 | D:2      | 638 ||| SHOPLISTING potion of curing (33 gold, have 14).
   638 | D:2      | 638 ||| SHOPLISTING potion of haste (110 gold, have 14).
   638 | D:2      | 638 ||| SHOPLISTING potion of heal wounds (55 gold, have
                  | 14).
   638 | D:2      | 638 ||| SHOPLISTING potion of might (44 gold, have 14).
   638 | D:2      | 638 ||| SHOPLISTING potion of mutation (88 gold, have 14).
   655 | D:2      | 655 ||| INVOKING Spit Poison.
   687 | D:2      | 687 ||| INVOKING Spit Poison.
   698 | D:2      | 698 ||| INVOKING Spit Poison.
   712 | D:2      | 712 ||| INVOKING Spit Poison.
   720 | D:2      | 720 ||| INVOKING Spit Poison.
   723 | D:2      | 723 ||| INVOKING Spit Poison.
   758 | D:2      | 758 ||| INVOKING Spit Poison.
   763 | D:2      | Reached skill level 5 in Ranged Weapons
   763 | D:2      | Reached XP level 4. HP: 39/39 MP: 4/4
   831 | D:2      | 831 ||| INVOKING Spit Poison.
  1025 | D:2      | 1025 ||| INVOKING Spit Poison.
  1083 | D:2      | 1083 ||| READING scroll labelled SITAXTITOIPP.
  1084 | D:2      | 1084 ||| READING scroll labelled DOEFIF KEIQIUH.
  1085 | D:2      | 1085 ||| READING scroll labelled LUQEMOINGUB.
  1128 | D:3      | 1128 ||| INVOKING Spit Poison.
  1216 | D:3      | Found an iron altar of Okawaru.
  1217 | D:3      | 1217 ||| PLANNING OKAWARU WORSHIP
  1217 | D:3      | Found a basalt altar of Yredelemnul.
  1221 | D:3      | 1221 ||| INVOKING Spit Poison.
  1225 | D:3      | 1225 ||| INVOKING Spit Poison.
  1233 | D:3      | Became a worshipper of Warmaster Okawaru
  1233 | D:3      | 1233 ||| PLANNING D:1-11
  1302 | D:3      | 1302 ||| INVOKING Spit Poison.
  1353 | D:3      | 1353 ||| INVOKING Spit Poison.
  1357 | D:3      | 1357 ||| INVOKING Spit Poison.
  1430 | D:3      | 1430 ||| INVOKING Spit Poison.
  1499 | D:3      | 1499 ||| INVOKING Spit Poison.
  1551 | D:3      | 1551 ||| INVOKING Spit Poison.
  1693 | D:3      | 1693 ||| INVOKING Spit Poison.
  1882 | D:3      | 1882 ||| READING scroll labelled PULIPTETUH.
  1883 | D:3      | 1883 ||| READING scroll labelled JILEOREARGH.
  1951 | D:4      | Found a staircase to the Ecumenical Temple.
  1952 | D:4      | 1952 ||| INVOKING Spit Poison.
  1957 | D:4      | Reached skill level 3 in Fighting
  1958 | D:4      | 1958 ||| INVOKING Spit Poison.
  1960 | D:4      | Reached XP level 5. HP: 49/49 MP: 5/5
  1964 | D:4      | 1964 ||| INVOKING Spit Poison.
  2038 | D:4      | 2038 ||| INVOKING Spit Poison.
  2041 | D:4      | 2041 ||| INVOKING Spit Poison.
  2167 | D:4      | Found a shimmering blue altar of Sif Muna.
  2481 | D:4      | 2481 ||| DRINKING 2 coppery potions.
  2482 | D:4      | 2482 ||| DROPPING potion of enlightenment.
  2497 | D:5      | Entered Level 5 of the Dungeon
  2500 | D:5      | 2500 ||| INVOKING Spit Poison.
  2503 | D:5      | Reached skill level 6 in Ranged Weapons
  2503 | D:5      | Reached XP level 6. HP: 56/56 MP: 6/6
  2616 | D:5      | 2616 ||| INVOKING Spit Poison.
  2620 | D:5      | 2620 ||| INVOKING Spit Poison.
  2621 | D:5      | 2621 ||| INVOKING Spit Poison.
  2625 | D:5      | 2625 ||| INVOKING Spit Poison.
  2627 | D:5      | Reached * piety under Okawaru
  2632 | D:5      | 2632 ||| INVOKING Heroism.
  2665 | D:5      | Noticed Blork the orc
  2667 | D:5      | 2667 ||| INVOKING Spit Poison.
  2672 | D:5      | Killed Blork the orc
  2673 | D:5      | Reached XP level 7. HP: 51/64 MP: 7/7
  2797 | D:5      | 2797 ||| INVOKING Spit Poison.
  2801 | D:5      | 2801 ||| INVOKING Spit Poison.
  2804 | D:5      | 2804 ||| INVOKING Spit Poison.
  2807 | D:5      | Reached skill level 7 in Ranged Weapons
  2850 | D:5      | 2850 ||| READING scroll labelled PAYRHO TIESKAJ.
  2853 | D:5      | 2853 ||| INVOKING Spit Poison.
  2874 | D:5      | 2874 ||| INVOKING Spit Poison.
  2895 | D:5      | 2895 ||| INVOKING Spit Poison.
  2900 | D:5      | 2900 ||| INVOKING Spit Poison.
  3038 | D:5      | 3038 ||| INVOKING Spit Poison.
  3040 | D:5      | Reached skill level 1 in Invocations
  3179 | D:5      | 3179 ||| INVOKING Spit Poison.
  3184 | D:5      | 3184 ||| INVOKING Spit Poison.
  3532 | D:5      | 3532 ||| INVOKING Spit Poison.
  3564 | D:5      | 3564 ||| INVOKING Spit Poison.
  3679 | D:5      | 3679 ||| INVOKING Spit Poison.
  3683 | D:5      | 3683 ||| INVOKING Spit Poison.
  3691 | D:5      | 3691 ||| INVOKING Spit Poison.
  3696 | D:5      | 3696 ||| INVOKING Spit Poison.
  3804 | D:5      | 3804 ||| READING scroll labelled KAGGAP JIBIUM.
  3905 | D:5      | 3905 ||| DRINKING 2 fizzy sapphire potions.
  3934 | D:5      | 3934 ||| DROPPING potion of lignification.
  4107 | D:6      | Found a shadowy altar of Dithmenos.
  4112 | D:6      | 4112 ||| INVOKING Spit Poison.
  4127 | D:6      | Reached skill level 3 in Invocations
  4127 | D:6      | 4127 ||| INVOKING Spit Poison.
  4129 | D:6      | Reached XP level 8. HP: 72/72 MP: 10/10
  4134 | D:6      | 4134 ||| INVOKING Spit Poison.
  4177 | D:6      | Found Maprot's Vocational Training.
  4184 | D:6      | 4184 ||| INVOKING Spit Poison.
  4185 | D:6      | 4185 ||| Stepping ~*~*~tactically~*~*~ (outnumbered).
  4189 | D:6      | 4189 ||| INVOKING Spit Poison.
  4263 | D:6      | 4263 ||| INVOKING Heroism.
  4264 | D:6      | 4264 ||| INVOKING Spit Poison.
  4268 | D:6      | Reached skill level 8 in Ranged Weapons
  4343 | D:6      | 4343 ||| INVOKING Spit Poison.
  4347 | D:6      | 4347 ||| INVOKING Spit Poison.
  4362 | D:6      | 4362 ||| Stepping ~*~*~tactically~*~*~ (outnumbered).
  4364 | D:6      | 4364 ||| Stepping ~*~*~tactically~*~*~ (outnumbered).
  4365 | D:6      | 4365 ||| INVOKING Spit Poison.
  4369 | D:6      | 4369 ||| INVOKING Spit Poison.
  4372 | D:6      | 4372 ||| INVOKING Spit Poison.
  4372 | D:6      | Reached ** piety under Okawaru
  4376 | D:6      | 4376 ||| INVOKING Spit Poison.
  4427 | D:6      | 4427 ||| INVOKING Spit Poison.
  4499 | D:6      | 4499 ||| INVOKING Spit Poison.
  4502 | D:6      | 4502 ||| INVOKING Spit Poison.
  4512 | D:6      | 4512 ||| INVOKING Spit Poison.
  4516 | D:6      | 4516 ||| INVOKING Spit Poison.
  4520 | D:6      | 4520 ||| INVOKING Spit Poison.
  4526 | D:6      | 4526 ||| INVOKING Spit Poison.
  4605 | D:6      | Found a bloodstained altar of Trog.
  4608 | D:6      | Noticed a wizard
  4612 | D:6      | Killed a wizard
  4697 | D:6      | 4697 ||| UPGRADING to +1 hat.
  4702 | D:6      | 4702 ||| UPGRADING to +0 helmet.
  4712 | D:6      | 4712 ||| DROPPING +1 hat.
  4713 | D:6      | 4713 ||| UPGRADING to amulet of faith.
  4723 | D:6      | 4723 ||| UPGRADING to +4 ring of protection.
  4724 | D:6      | 4724 ||| UPGRADING to ring of willpower.
  4767 | D:7      | 4767 ||| INVOKING Spit Poison.
  4834 | D:7      | 4834 ||| INVOKING Heroism.
  4836 | D:7      | 4836 ||| Stepping ~*~*~tactically~*~*~ (cloud).
  4837 | D:7      | 4837 ||| INVOKING Spit Poison.
  4838 | D:7      | Reached skill level 9 in Ranged Weapons
  4839 | D:7      | 4839 ||| Stepping ~*~*~tactically~*~*~ (cloud).
  4934 | D:7      | 4934 ||| INVOKING Spit Poison.
  4939 | D:7      | 4939 ||| INVOKING Spit Poison.
  4944 | D:7      | 4944 ||| INVOKING Spit Poison.
  4945 | D:7      | Reached skill level 1 in Armour
  4945 | D:7      | Reached XP level 9. HP: 61/79 MP: 12/12
  5022 | D:7      | Reached skill level 3 in Dodging
  5114 | D:7      | 5114 ||| INVOKING Heroism.
  5150 | D:7      | 5150 ||| INVOKING Spit Poison.
  5278 | D:7      | 5278 ||| INVOKING Spit Poison.
  5376 | D:7      | 5376 ||| READING 3 scrolls of identify.
  5376 | D:7      | 5376 ||| IDENTIFYING cyan potion
  5377 | D:7      | 5377 ||| READING 2 scrolls of identify.
  5377 | D:7      | 5377 ||| IDENTIFYING silvery potion
  5416 | D:8      | Noticed a red ugly thing
  5417 | D:8      | 5417 ||| INVOKING Spit Poison.
  5422 | D:8      | 5422 ||| STAIRDANCE
  5424 | D:7      | 5424 ||| INVOKING Heroism.
  5425 | D:7      | 5425 ||| INVOKING Spit Poison.
  5425 | D:7      | Killed a red ugly thing
  5425 | D:7      | Reached *** piety under Okawaru
  5426 | D:7      | Reached skill level 6 in Fighting
  5637 | D:8      | 5637 ||| INVOKING Heroism.
  5649 | D:8      | 5649 ||| INVOKING Heroism.
  5717 | D:8      | Noticed a komodo dragon
  5718 | D:8      | 5718 ||| INVOKING Heroism.
  5719 | D:8      | 5719 ||| INVOKING Spit Poison.
  5723 | D:8      | 5723 ||| INVOKING Spit Poison.
  5724 | D:8      | Killed a komodo dragon
  5736 | D:8      | 5736 ||| INVOKING Spit Poison.
  5760 | D:8      | 5760 ||| INVOKING Spit Poison.
  5762 | D:8      | 5762 ||| INVOKING Heroism.
  5767 | D:8      | 5767 ||| INVOKING Spit Poison.
  5865 | D:8      | 5865 ||| INVOKING Spit Poison.
  5872 | D:8      | 5872 ||| INVOKING Heroism.
  5896 | D:8      | 5896 ||| INVOKING Spit Poison.
  5897 | D:8      | Reached skill level 10 in Ranged Weapons
  6027 | D:8      | 6027 ||| INVOKING Heroism.
  6206 | D:8      | 6206 ||| INVOKING Spit Poison.
  6209 | D:8      | 6209 ||| INVOKING Spit Poison.
  6305 | D:8      | 6305 ||| UPGRADING to +1 helmet.
  6315 | D:8      | 6315 ||| DROPPING +0 helmet.
  6372 | D:9      | 6372 ||| INVOKING Heroism.
  6375 | D:9      | 6375 ||| INVOKING Spit Poison.
  6378 | D:9      | Reached XP level 10. HP: 94/94 MP: 10/13
  6419 | D:9      | Found a glowing silver altar of Zin.
  6508 | D:9      | 6508 ||| INVOKING Spit Poison.
  6602 | D:9      | 6602 ||| Stepping ~*~*~tactically~*~*~ (outnumbered).
  6625 | D:9      | 6625 ||| Stepping ~*~*~tactically~*~*~ (outnumbered).
  6626 | D:9      | 6626 ||| INVOKING Spit Poison.
  6629 | D:9      | 6629 ||| Stepping ~*~*~tactically~*~*~ (outnumbered).
  6630 | D:9      | 6630 ||| INVOKING Spit Poison.
  6634 | D:9      | 6634 ||| INVOKING Spit Poison.
  6715 | D:9      | 6715 ||| INVOKING Heroism.
  6716 | D:9      | 6716 ||| INVOKING Spit Poison.
  6787 | D:9      | 6787 ||| INVOKING Spit Poison.
  6791 | D:9      | 6791 ||| INVOKING Spit Poison.
  6796 | D:9      | 6796 ||| INVOKING Heroism.
  6798 | D:9      | 6798 ||| INVOKING Spit Poison.
  6800 | D:9      | Reached skill level 11 in Ranged Weapons
  6803 | D:9      | Reached **** piety under Okawaru
  7175 | D:9      | 7175 ||| INVOKING Spit Poison.
  7180 | D:9      | 7180 ||| INVOKING Spit Poison.
  7184 | D:9      | 7184 ||| INVOKING Spit Poison.
  7301 | D:9      | 7301 ||| UPGRADING to +0 steam dragon scales.
  7311 | D:9      | 7311 ||| DROPPING +0 leather armour.
  7312 | D:9      | 7312 ||| DRINKING 2 black potions.
  7316 | D:10     | Entered Level 10 of the Dungeon
  7316 | D:10     | Noticed Josephine
  7316 | D:10     | Found a white marble altar of Elyvilon.
  7317 | D:10     | 7317 ||| INVOKING Heroism.
  7318 | D:10     | 7318 ||| INVOKING Spit Poison.
  7326 | D:10     | 7326 ||| INVOKING Spit Poison.
  7328 | D:10     | 7328 ||| STAIRDANCE
  7330 | D:9      | 7330 ||| INVOKING Spit Poison.
  7330 | D:9      | HP: 18/94 [wraith[Josephine] (10)]
  7330 | D:9      | HP: 6/94 [wraith[Josephine] (3)]
  7331 | D:9      | 7331 ||| READING 6 scrolls of teleportation.
  7332 | D:9      | 7332 ||| DRINKING 3 potions of heal wounds.
  7333 | D:9      | 7333 ||| DRINKING 2 potions of heal wounds.
  7334 | D:9      | 7334 ||| DRINKING potion of heal wounds.
  7348 | D:9      | 7348 ||| INVOKING Heroism.
  7350 | D:9      | 7350 ||| INVOKING Spit Poison.
  7356 | D:9      | 7356 ||| INVOKING Spit Poison.
  7358 | D:9      | HP: 19/91 [wraith[Josephine] (5)]
  7359 | D:9      | 7359 ||| READING 5 scrolls of teleportation.
  7360 | D:9      | 7360 ||| INVOKING Heroism.
  7360 | D:9      | Killed from afar by Josephine

Levels and vault maps discovered:
D:1:      eino_arrival_druids_welcome, layout_basic, serial_shops, shop,
          nicolae_shop_real_fake_doors
D:2:      layout_rooms, serial_shops, shop, interstate_on_off, eino_tiny_chamber
D:3:      layout_basic, grunt_temple_overflow_open
D:4:      layout_basic, kennysheep_little_box, minmay_temple_entry_trees
D:5:      layout_layer_cave, minmay_a_box_with_orc_wizards_in_it,
          uniq_blork_the_orc
D:6:      layout_loops_ring, trog_wizard, mainiacjoe_overflow_small_starburst,
          nicolae_shop_vocational
D:7:      layout_cave_pools
D:8:      layout_loops_cross
D:9:      layout_irregular_city, general_overflow_altar
D:10:     layout_small_grid, elyvilon_altar_4, vehumet_crystals, orc_david_3,
          serial_shops, nicolae_shop_waterfront, shop, shop,
          nicolae_shop_overgrown_old_shop, hangedman_feature_mirror,
          minmay_misc_feat_alley, wad_mini_maze, uniq_josephine

Skill      XL: |  1  2  3  4  5  6  7  8  9 10 |
---------------+-------------------------------+-----
Ranged Weapons | 4 5 6 7 9 10 11 | 11.0
Fighting       | 3 4 5 7 |  7.1
Invocations    | 3 4 |  4.2
Dodging        | 2 3 |  3.9
Armour         | 1 |  1.6
Stealth        | |  1.5

Action                     |  1- 3 |  4- 6 |  7- 9 | 10-12 || total
---------------------------+-------+-------+-------+-------++-------
   Fire: Shortbow          |    36 |       |       |       ||    36
         Longbow           |    15 |    63 |   195 |    48 ||   321
 Invoke: Heroism           |       |     1 |    11 |     5 ||    17
Ability: Spit Poison       |    24 |    22 |    54 |    16 ||   116
    Use: Scroll            |     5 |     5 |     4 |     2 ||    16
         Potion            |     1 |     1 |     1 |     4 ||     7
 Armour: Leather armour    |     6 |     3 |    18 |     8 ||    35
         Steam dragon scal |       |       |       |    30 ||    30
  Dodge: Dodged            |    11 |    11 |    53 |    66 ||   141

Table legend:
 A = Non-vault XP
 B = Vault XP
 C = Vault XP percentage of total XP
 D = Non-vault monster count
 E = Vault monster count
 F = Vault count percentage of total count
                 A         B        C        D         E       F
            +---------+---------+-------+---------+---------+-------
      Total |    5602 |     458 |   7.6 |     162 |       7 |   4.1
            +---------+---------+-------+---------+---------+-------
        D:1 |      26 |       0 |   0.0 |      16 |       0 |   0.0
        D:2 |      66 |       0 |   0.0 |      18 |       0 |   0.0
        D:3 |      24 |       0 |   0.0 |      13 |       0 |   0.0
        D:4 |     177 |       0 |   0.0 |      13 |       0 |   0.0
        D:5 |     555 |     240 |  30.2 |      24 |       5 |  17.2
        D:6 |     924 |       0 |   0.0 |      26 |       0 |   0.0
        D:7 |    1475 |       0 |   0.0 |      23 |       0 |   0.0
        D:8 |    1023 |       0 |   0.0 |      14 |       0 |   0.0
        D:9 |    1297 |     217 |  14.3 |      14 |       1 |   6.7
       D:10 |      35 |       1 |   2.8 |       1 |       1 |  50.0
            +---------+---------+-------+---------+---------+-------
